[Event "Early-Titled-Tuesday-Blitz-February-20-2024"]
[Site "Chess.com"]
[Date "2024.02.20"]
[Round "11"]
[White "GoltsevDmitry2000"]
[Black "Young_Catalan_Player09"]
[Result "1-0"]
[WhiteElo "2779"]
[BlackElo "2591"]
[TimeControl "180+1"]
[EndTime "10:04:47 PST"]
[Termination "GoltsevDmitry2000 won by resignation"]

1. e4 c5 2. Nf3 d6 3. d4 cxd4 4. Nxd4 Nf6 5. Nc3 a6 6. Be2 e5 7. Nf5 Bxf5 8. exf5 d5 9. Bg5 Bb4 10. O-O Bxc3 11. bxc3 O-O 12. Bxf6 gxf6 13. Qd3 Nc6 14. Rfd1 Qa5 15. Qg3+ Kh8 16. Qh4 Qxc3 17. Qxf6+ Kg8 18. Rab1 h5 19. Rb3 Qxc2 20. Rg3+ 1-0

[Event "Early-Titled-Tuesday-Blitz-February-20-2024"]
[Site "Chess.com"]
[Date "2024.02.20"]
[Round "11"]
[White "Yan_Dyomin2010"]
[Black "Grande_Strategia"]
[Result "1-0"]
[WhiteElo "2727"]
[BlackElo "2530"]
[TimeControl "180+1"]
[EndTime "10:04:58 PST"]
[Termination "Yan_Dyomin2010 won by checkmate"]

1. e4 f6 2. d4 Kf7 3. Nf3 g6 4. Bd3 Bh6 5. O-O Kg7 6. Nc3 d6 7. e5 Nc6 8. exf6+ exf6 9. Re1 Bg4 10. h3 Bxc1 11. Rxc1 Bxf3 12. Qxf3 Nh6 13. Qf4 Re8 14. Nd5 Rxe1+ 15. Rxe1 Ng8 16. h4 Nce7 17. Rxe7+ Nxe7 18. Qxf6+ Kh6 19. Nxe7 Qf8 20. Nf5+ Kh5 21. Be2# 1-0

[Event "Early-Titled-Tuesday-Blitz-February-20-2024"]
[Site "Chess.com"]
[Date "2024.02.20"]
[Round "11"]
[White "AlexTruskavetsky"]
[Black "alpope"]
[Result "1-0"]
[WhiteElo "2710"]
[BlackElo "2524"]
[TimeControl "180+1"]
[EndTime "10:05:00 PST"]
[Termination "AlexTruskavetsky won by resignation"]

1. d4 d5 2. c4 e6 3. Nc3 c6 4.
e3 f5 5. Bd3 Nf6 6. Nf3 Bd6 7.
O-O O-O 8. b3 Nbd7 9. Bb2 Ne4 10. Nd2 Rf6 11. f3 Nxc3 12. Bxc3 Rh6 13. f4 Nf6 14. h3 Ne4 15. Nxe4 fxe4 16. Be2 Bd7 17. Bg4 Be8 18. c5 Bc7 19. b4 Qh4 20. Be1 Qf6 21.
h4 Bg6 22. g3 Bf5 23. Bxf5 exf5 24. Kf2 Rg6 25. Ke2 Rg4 26. a4 h6 27. Rh1 g5 28.
hxg5 hxg5 29. Bf2 Kf7 30. Rh7+ Kg6 31. Qh1 Rh4 32. gxh4 1-0

[Event "Early-Titled-Tuesday-Blitz-February-20-2024"]
[Site "Chess.com"]
[Date "2024.02.20"]
[Round "11"]
[White "OneTrickPony_82"]
[Black "TioCridineno"]
[Result "0-1"]
[WhiteElo "2516"]
[BlackElo "2407"]
[TimeControl "180+1"]
[EndTime "10:05:23 PST"]
[Termination "TioCridineno won by resignation"]

1. d4 Nf6 2. Nc3 d5 3. Bf4 a6 4. e3 e6 5. g4 h6 6. Bg2 c5 7.
Nge2 Nc6 8. f3 Bd6 9. Qd2 cxd4 10. exd4 Qc7 11. h4 Bd7 12. O-O-O O-O-O 13. Bxd6 Qxd6 14. Qf4 Qxf4+ 15. Nxf4 Ne8 16. g5 Nd6 17. g6 Rhf8 18.
Rhe1 Rde8 19. Rd3 fxg6 20. Nxg6 Rf6 21. Ne5 Rf4 22. Bh3 Rxh4 23. Bg4 h5 24. Nxd7 Kxd7 0-1

[Event "Early-Titled-Tuesday-Blitz-February-20-2024"]
[Site "Chess.com"]
[Date "2024.02.20"]
[Round "11"]
[White "falzehope0"]
[Black "ninguno46"]
[Result "0-1"]
[WhiteElo "2416"]
[BlackElo "2551"]
[TimeControl "180+1"]
[EndTime "10:05:31 PST"]
[Termination "ninguno46 won by checkmate"]

1. d4 Nf6 2. e3 e6 3. Bd3 b6 4.
f4 Bb7 5. Nf3 c5 6. c3 g6 7. O-O Bg7 8. Nbd2 O-O 9. Qe2 Nd5 10.
a3 cxd4 11. cxd4 Nc6 12. Ne1 f5 13. Nc4 d6 14. b4 b5 15. Nd2 Nxe3 16. Nb3 Nxf1 17.
Qxe6+ Kh8 18. Kxf1 Re8 19. Qd5 Na5 20. Qxb5 Nxb3 21.
Qxb7 Nxa1 22. Bb2 Nb3 23. Qd5 Nd2+ 24. Kf2 Qe7 25. Nc2 Rac8 26. h3 Rxc2 27. Bxc2 Qe3# 0-1

[Event "Early-Titled-Tuesday-Blitz-February-20-2024"]
[Site "Chess.com"]
[Date "2024.02.20"]
[Round "11"]
[White "Joachim100x"]
[Black "averageFM"]
[Result "0-1"]
[WhiteElo "2417"]
[BlackElo "2629"]
[TimeControl "180+1"]
[EndTime "10:05:32 PST"]
[Termination "averageFM won by resignation"]

1. Nf3 d5 2. d4 Nf6 3. g3 e6 4.
Bg2 Be7 5. O-O O-O 6. c4 dxc4 7. Ne5 Nc6 8. Nxc6 bxc6 9. Bxc6 Rb8 10. Bg2 Bb7 11.
Nc3 Bxg2 12. Kxg2 c5 13. dxc5 Bxc5 14. Qc2 Qb6 15. Rb1 Qc6+ 16. f3 Nd5 17. Nxd5 exd5 18.
b3 Rfe8 19. Bf4 cxb3 20. axb3 Rbc8 21. Rbc1 Qa6 22. e4 Be3 23. Bxe3 Rxc2+ 24. Rxc2 Qd3 0-1

[Event "Early-Titled-Tuesday-Blitz-February-20-2024"]
[Site "Chess.com"]
[Date "2024.02.20"]
[Round "11"]
[White "DarZay"]
[Black "Chessbard1972"]
[Result "0-1"]
[WhiteElo "2313"]
[BlackElo "2457"]
[TimeControl "180+1"]
[EndTime "10:05:38 PST"]
[Termination "Chessbard1972 won by resignation"]

1. e4 e5 2. Nf3 Nc6 3. d4 exd4 4. Nxd4 Bc5 5. Nb3 Bb6 6. Nc3 Nge7 7. Bc4 O-O 8. O-O Ne5 9. Be2 d6 10. Kh1 f5 11. f4 N5g6 12. exf5 Bxf5 13. Bd3 d5 14.
Bxf5 Rxf5 15. Qf3 c6 16. Ne2 Rf8 17. Qh3 Qc8 18. Qxc8 Raxc8 19. Ned4 Rf6 20. f5 h6 21.
Bxh6 gxh6 22. fxg6 Rxg6 23. Rae1 Bd8 24. Re6 Rxe6 25.
Nxe6 Ng6 26. Nbc5 b6 27. Nd7 Be7 28. Nf6+ Kf7 29. Nf4 Nxf4 30. Rxf4 Bxf6 31. c3 Re8 0-1

[Event "Early-Titled-Tuesday-Blitz-February-20-2024"]
[Site "Chess.com"]
[Date "2024.02.20"]
[Round "11"]
[White "Fandorine"]
[Black "Arystanner"]
[Result "1-0"]
[WhiteElo "2948"]
[BlackElo "2757"]
[TimeControl "180+1"]
[EndTime "10:05:48 PST"]
[Termination "Fandorine won by resignation"]

1. d4 d5 2. c4 e6 3. Nf3 Nf6 4. Qc2 a5 5. Bg5 Be7 6. e3 O-O 7.
Nc3 c6 8. h4 Nbd7 9. O-O-O a4 10. Kb1 Qa5 11. Bd3 Re8 12. Ne5 dxc4 13. Nxc4 Qd8 14.
g4 b5 15. Ne5 Bb7 16. Bxf6 Bxf6 17. Bxh7+ Kf8 18. g5 Bxe5 19. dxe5 Qc7 20. f4 a3 21.
h5 axb2 22. h6 gxh6 23. gxh6 Nc5 24. Qg2 Qa5 25. Qg7+ Ke7 26. Qf6+ Kf8 27. Rhg1 1-0

[Event "Early-Titled-Tuesday-Blitz-February-20-2024"]
[Site "Chess.com"]
[Date "2024.02.20"]
[Round "11"]
[White "ChessBliss09"]
[Black "stratacticos"]
[Result "1-0"]
[WhiteElo "2167"]
[BlackElo "1979"]
[TimeControl "180+1"]
[EndTime "10:05:49 PST"]
[Termination "ChessBliss09 won by resignation"]

1. c4 Nf6 2. Nc3 g6 3. e4 d6 4. g3 Bg7 5. Bg2 e5 6. Nge2 O-O 7. O-O Be6 8. b3 c6 9. Bb2 Qc8 10. d4 exd4 11. Nxd4 Bh3 12. Rc1 Bxg2 13. Kxg2 Na6 14. a3 Nc5 15. Re1 a5 16. b4 axb4 17. axb4 Ne6 18.
Nce2 Re8 19. Nxe6 Qxe6 20. Nf4 Qe7 21. e5 dxe5 22. Bxe5 Qxb4 23. Qd4 Rad8 24. Bxf6 Rxd4 25. Rxe8+ Bf8 26. Bxd4 1-0

[Event "Early-Titled-Tuesday-Blitz-February-20-2024"]
[Site "Chess.com"]
[Date "2024.02.20"]
[Round "11"]
[White "HelvertHernandez"]
[Black "dimoni64"]
[Result "1-0"]
[WhiteElo "1998"]
[BlackElo "2068"]
[TimeControl "180+1"]
[EndTime "10:06:00 PST"]
[Termination "HelvertHernandez won by resignation"]

1. e4 c5 2. Nf3 d6 3. d4 cxd4 4. Nxd4 Nf6 5. Nc3 a6 6. Be3 e5 7. Nb3 Be6 8. f3 Be7 9. Qd2 O-O 10. O-O-O Nbd7 11. g4 b5 12. g5 b4 13. Nd5 Nxd5 14.
exd5 Bf5 15. h4 Rc8 16. Bd3 Bxd3 17. Qxd3 a5 18. Kb1 a4 19. Nd2 Qc7 20. Ne4 f5 21. gxf6 Nxf6 22. Rdg1 Nxe4 23. fxe4 Kh8 24. Rg2 Rf3 25.
Qe2 Rcf8 26. Rhg1 g6 27. h5 g5 28. Bxg5 Bxg5 29. Rxg5 Rf2 30. Qxf2 1-0

[Event "Early-Titled-Tuesday-Blitz-February-20-2024"]
[Site "Chess.com"]
[Date "2024.02.20"]
[Round "11"]
[White "mr_gustavo"]
[Black "vugarrasulov"]
[Result "1-0"]
[WhiteElo "2759"]
[BlackElo "2926"]
[TimeControl "180+1"]
[EndTime "10:06:15 PST"]
[Termination "mr_gustavo won on time"]

1. c4 e6 2. d4 d5 3. Nf3 Nf6 4.
Nc3 Be7 5. Bf4 O-O 6. e3 c5 7.
dxc5 Bxc5 8. Qc2 Nc6 9. a3 d4 10. O-O-O dxc3 11. Rxd8 cxb2+ 12. Kxb2 Rxd8 13. Bd3 h6 14. g4 Nxg4 15. Rg1 e5 16. Bh7+ Kh8 17. Bf5 Bxf5 18. Qxf5 Nxf2 19. Bxh6 1-0

[Event "Early-Titled-Tuesday-Blitz-February-20-2024"]
[Site "Chess.com"]
[Date "2024.02.20"]
[Round "11"]
[White "only_strong_moves"]
[Black "Der_Balak_3Halak"]
[Result "1-0"]
[WhiteElo "2640"]
[BlackElo "2459"]
[TimeControl "180+1"]
[EndTime "10:06:18 PST"]
[Termination "only_strong_moves won by checkmate"]

1. d4 d5 2. Nc3 Nf6 3. Bf4 e6 4. Nb5 Na6 5. e3 c6 6. Nc3 Bd6 7. Nf3 Bxf4 8. exf4 Nc7 9. Bd3 h6 10. O-O Qd6 11. Qd2 b6 12. Rfe1 Bb7 13. Ne5 c5 14.
Nb5 Qd8 15. Nxc7+ Qxc7 16. Bb5+ Kf8 17. c3 c4 18. Ba4 Ne4 19. Qe3 Ke7 20. Bc2 Nd6 21. f5 Kd8 22. fxe6 fxe6 23. Qh3 Re8 24. Ng6 Qf7 25. Re5 Bc8 26. Rae1 Bd7 27. Qg3 Kc7 28. R5e3 Rad8 29. b3 Bb5 30. a4 Ba6 31. b4 Bc8 32.
b5 Kb7 33. Ne5 Qg8 34. Bg6 Nf5 35. Bxf5 exf5 36. Nc6 Rxe3 37. Qb8# 1-0

[Event "Early-Titled-Tuesday-Blitz-February-20-2024"]
[Site "Chess.com"]
[Date "2024.02.20"]
[Round "11"]
[White "Rurep26"]
[Black "Predator0608"]
[Result "1-0"]
[WhiteElo "2732"]
[BlackElo "2583"]
[TimeControl "180+1"]
[EndTime "10:06:26 PST"]
[Termination "Rurep26 won by resignation"]

1. d4 Nf6 2. Bf4 g6 3. Nc3 Bg7 4. e4 d6 5. Qd2 O-O 6. Bh6 c5 7. d5 a6 8. h4 b5 9. f3 b4 10. Nd1 Nh5 11. Bxg7 Kxg7 12. Ne2 Nd7 13. g4 Nhf6 14.
h5 gxh5 15. g5 Ng8 16. Nf4 Kh8 17. Rxh5 Ne5 18. Qg2 Ng6 19. Qh2 h6 20. Rxh6+ Nxh6 21. Qxh6+ Kg8 22. Nh5 1-0

[Event "Early-Titled-Tuesday-Blitz-February-20-2024"]
[Site "Chess.com"]
[Date "2024.02.20"]
[Round "11"]
[White "Zhigalko_Sergei"]
[Black "ActorXu"]
[Result "1-0"]
[WhiteElo "2941"]
[BlackElo "2826"]
[TimeControl "180+1"]
[EndTime "10:06:28 PST"]
[Termination "Zhigalko_Sergei won by resignation"]

1. e4 e5 2. Nf3 Nf6 3. Nxe5 d6 4. Nf3 Nxe4 5. Nc3 Nxc3 6. dxc3 Be7 7. Be3 Nd7 8. Qd2 O-O 9. O-O-O Nf6 10. Bd3 c5 11. Kb1 b5 12. Rhe1 Rb8 13. Bf4 Bg4 14. h3 Bxf3 15.
gxf3 Re8 16. Rg1 Bf8 17. Bg5 g6 18. f4 Bg7 19. f5 b4 20. c4 Qa5 21. fxg6 hxg6 22.
Bxg6 fxg6 23. Bxf6 Bxf6 24. Rxg6+ Kf7 25. Qh6 1-0

[Event "Early-Titled-Tuesday-Blitz-February-20-2024"]
[Site "Chess.com"]
[Date "2024.02.20"]
[Round "11"]
[White "Elnaz_Kaliakhmet"]
[Black "BilicVladimir"]
[Result "1-0"]
[WhiteElo "2481"]
[BlackElo "2630"]
[TimeControl "180+1"]
[EndTime "10:06:29 PST"]
[Termination "Elnaz_Kaliakhmet won by resignation"]

1. d4 d5 2. c4 c6 3. Nf3 Nf6 4. Nc3 a6 5. cxd5 cxd5 6. e3 Nc6 7. Bd3 Bg4 8. O-O e6 9. h3 Bxf3 10. Qxf3 Be7 11. a4 Kf8 12. b3 g6 13. Ba3 Kg7 14. Bxe7 Qxe7 15. Rfc1 Rhc8 16. a5 Qb4 17. Na4 Nxa5 18.
Nc5 b6 19. Nxa6 Rxc1+ 20. Rxc1 Qxb3 21. Bf1 Ne4 22. Nc7 Rd8 23. Qf4 Qb2 24. Nxe6+ Kg8 25.
Nxd8 1-0

[Event "Early-Titled-Tuesday-Blitz-February-20-2024"]
[Site "Chess.com"]
[Date "2024.02.20"]
[Round "11"]
[White "AttilaTurzo"]
[Black "rcmz"]
[Result "1-0"]
[WhiteElo "2467"]
[BlackElo "2190"]
[TimeControl "180+1"]
[EndTime "10:06:29 PST"]
[Termination "AttilaTurzo won by resignation"]

1. d4 d6 2. Nf3 Nd7 3. Bf4 h6 4. h4 Ngf6 5. Nbd2 c6 6. e4 Qa5 7. c3 e5 8. dxe5 dxe5 9. Nc4 Qd8 10. Nfxe5 Bc5 11. Nxd7 Bxd7 12. Nd6+ Kf8 13. Bc4 Bxd6 14. Qxd6+ Kg8 15. O-O-O Qa5 16. e5 Nh5 17. Qxd7 Rf8 18. Bh2 Qc5 19. Qd4 Qa5 20. g4 1-0

[Event "Early-Titled-Tuesday-Blitz-February-20-2024"]
[Site "Chess.com"]
[Date "2024.02.20"]
[Round "11"]
[White "AlexanderKing"]
[Black "m_ezat"]
[Result "1-0"]
[WhiteElo "2627"]
[BlackElo "2506"]
[TimeControl "180+1"]
[EndTime "10:06:30 PST"]
[Termination "AlexanderKing won on time"]

1. c4 Nf6 2. Nc3 e5 3. Nf3 Nc6 4. g3 e4 5. Ng5 Ne5 6. b3 b6 7. Bg2 Bb7 8. Ngxe4 Nxe4 9. Nxe4 Be7 10. Nd6+ Bxd6 11. Bxb7 Rb8 12. Bg2 O-O 13. O-O 1-0

[Event "Early-Titled-Tuesday-Blitz-February-20-2024"]
[Site "Chess.com"]
[Date "2024.02.20"]
[Round "11"]
[White "Kumi29"]
[Black "Szparu"]
[Result "1/2-1/2"]
[WhiteElo "2629"]
[BlackElo "2770"]
[TimeControl "180+1"]
[EndTime "10:06:34 PST"]
[Termination "Game drawn - insufficient material"]

1. d4 e6 2. e4 d5 3. exd5 exd5 4. Bd3 Nf6 5. h3 c5 6. Nf3 c4 7. Be2 Bd6 8. b3 cxb3 9. axb3 O-O 10. O-O Nc6 11.
Re1 h6 12. Ba3 Re8 13. Bxd6 Qxd6 14. c4 Bf5 15. c5 Qf4 16. Nc3 Re7 17. Bb5 Rae8 18.
Rxe7 Rxe7 19. Bxc6 bxc6 20. Ne5 Rc7 21. g3 Qg5 22. h4 Qh5 23. Qxh5 Nxh5 24. Ra6 f6 25. Rxc6 Rb7 26. g4 fxe5 27. gxf5 Nf4 28. dxe5 Rxb3 29.
e6 Kf8 30. Rc8+ Ke7 31. Rc7+ Ke8 32. Na4 d4 33. Rxg7 d3 34. Rd7 Ra3 35. f6 Nxe6 36. Re7+ Kf8 37. Rxe6 Rxa4 38. Rd6 Rc4 39. Rxd3 Rxc5 40.
Rd7 Rc4 41. Rxa7 Rxh4 42. Kg2 Rf4 43. Ra6 Kf7 44. Kg3 Rxf6 45. Rxf6+ Kxf6 46. Kh4 Kf5 47. Kh5 Kf4 48. Kxh6 Kf3 49. Kh7 Kxf2 1/2-1/2

[Event "Early-Titled-Tuesday-Blitz-February-20-2024"]
[Site "Chess.com"]
[Date "2024.02.20"]
[Round "11"]
[White "Jojo_898"]
[Black "karinachess1"]
[Result "0-1"]
[WhiteElo "2489"]
[BlackElo "2668"]
[TimeControl "180+1"]
[EndTime "10:06:34 PST"]
[Termination "karinachess1 won by resignation"]

1. e4 e5 2. Nf3 Nc6 3. Bc4 Nf6 4. d3 h6 5. h3 d6 6. a4 g5 7. Nc3 Bg7 8. Be3 Be6 9. Bxe6 fxe6 10. d4 exd4 11. Nxd4 Qd7 12. Qd2 Ne5 13. Qe2 a6 14. O-O-O O-O-O 15. f4 gxf4 16. Bxf4 Ng6 17. Bh2 Rhe8 18.
e5 Nxe5 19. Bxe5 dxe5 20. Nf5 Qf7 21. Nxg7 Qxg7 22. Qxe5 Qg5+ 23. Qxg5 hxg5 24. Rhf1 Nh5 25. Ne4 Rg8 26. Nf6 Rxd1+ 27. Kxd1 Rf8 0-1

[Event "Early-Titled-Tuesday-Blitz-February-20-2024"]
[Site "Chess.com"]
[Date "2024.02.20"]
[Round "11"]
[White "Attacker_2006"]
[Black "Preobrazhenska_D2011"]
[Result "0-1"]
[WhiteElo "2373"]
[BlackElo "2390"]
[TimeControl "180+1"]
[EndTime "10:06:35 PST"]
[Termination "Preobrazhenska_D2011 won by resignation"]

1. e4 c5 2. Nf3 d6 3. d4 cxd4 4. Nxd4 Nf6 5. Nc3 a6 6. Be3 e5 7. Nb3 Be6 8. Be2 Be7 9. Qd2 Nbd7 10. f3 h5 11. O-O-O Rc8 12. Kb1 b5 13. Nd5 Nxd5 14. exd5 Bf5 15. Bd3 Bxd3 16. Qxd3 Qc7 17. Rd2 Nb6 18.
Bxb6 Qxb6 19. Qf5 Rc4 20. Re1 g6 21. Qh3 a5 22. Re4 O-O 23. g4 Qg1+ 24. Nc1 Bg5 25. f4 Rxe4 0-1

[Event "Early-Titled-Tuesday-Blitz-February-20-2024"]
[Site "Chess.com"]
[Date "2024.02.20"]
[Round "11"]
[White "baki83"]
[Black "Kunalm64"]
[Result "0-1"]
[WhiteElo "2852"]
[BlackElo "2576"]
[TimeControl "180+1"]
[EndTime "10:06:42 PST"]
[Termination "Kunalm64 won by resignation"]

1. e4 c6 2. d4 d5 3. exd5 cxd5 4. Bd3 Nc6 5. c3 Nf6 6. Bf4 g6 7. Nd2 Bf5 8. Bxf5 gxf5 9. Ngf3 e6 10. Ne5 Nxe5 11.
Bxe5 Bd6 12. Nf3 Bxe5 13. Nxe5 Nd7 14. Nd3 Rg8 15. g3 Qc7 16. Qh5 Nf6 17. Qh4 Qe7 18. O-O-O Ne4 19. Qxh7 O-O-O 20. Qh5 Kb8 21. Qe2 Rc8 22.
Qe3 Rxc3+ 23. bxc3 Qa3+ 24. Nb2 Rc8 25. c4 Rxc4+ 26.
Kb1 Nc3+ 27. Kc2 Nxd1+ 28. Kxd1 Qxb2 29. Rf1 Rxd4+ 30. Ke1 Re4 0-1

[Event "Early-Titled-Tuesday-Blitz-February-20-2024"]
[Site "Chess.com"]
[Date "2024.02.20"]
[Round "11"]
[White "Agentxya"]
[Black "wild3000"]
[Result "0-1"]
[WhiteElo "2257"]
[BlackElo "2425"]
[TimeControl "180+1"]
[EndTime "10:06:45 PST"]
[Termination "wild3000 won by checkmate"]

1. e4 e6 2. d4 b6 3. Nf3 Bb7 4. Bd3 d5 5. Nbd2 dxe4 6. Nxe4 Nd7 7. O-O Ngf6 8. Bg5 Be7 9. Bxf6 Nxf6 10. Nxf6+ Bxf6 11. c3 O-O 12. Re1 c5 13. dxc5 bxc5 14. Qe2 Qc7 15. Be4 Rab8 16. Bxb7 Qxb7 17. Rab1 Rfd8 18. h3 h6 19. Red1 Rd5 20. Rxd5 Qxd5 21. b3 Bxc3 22. Rd1 Bd4 23. Qd3 Rd8 24. Kf1 e5 25. Nd2 Qe6 26.
Ne4 Rc8 27. f3 f5 28. Ng3 Rf8 29. Re1 g6 30. b4 Qxa2 31. bxc5 Qf2# 0-1

[Event "Early-Titled-Tuesday-Blitz-February-20-2024"]
[Site "Chess.com"]
[Date "2024.02.20"]
[Round "11"]
[White "GrotBchess"]
[Black "SharapovEvgeny"]
[Result "1-0"]
[WhiteElo "2380"]
[BlackElo "2525"]
[TimeControl "180+1"]
[EndTime "10:06:50 PST"]
[Termination "GrotBchess won by resignation"]

1. e4 c5 2. Nf3 d6 3. Bb5+ Bd7 4. Bxd7+ Qxd7 5. O-O Nc6 6. c3 Nf6 7. Re1 e6 8. d4 cxd4 9. cxd4 d5 10. e5 Ne4 11. Nbd2 Nxd2 12. Bxd2 Bb4 13. Rc1 O-O 14.
Rxc6 Qxc6 15. Bxb4 Rfc8 16. Bc3 b5 17. h4 a5 18. a3 Qc4 19. Qd2 b4 20. axb4 a4 21.
Rc1 Rc6 22. h5 h6 23. Ne1 Qb3 24. Nd3 a3 25. Nc5 Qa2 26. bxa3 Qxa3 27. Qb2 Qxb2 28. Bxb2 Rb6 29. Bc3 Ra3 30. Be1 Ra2 31. Nd7 1-0

[Event "Early-Titled-Tuesday-Blitz-February-20-2024"]
[Site "Chess.com"]
[Date "2024.02.20"]
[Round "11"]
[White "kibromNNN"]
[Black "Artemiki"]
[Result "0-1"]
[WhiteElo "1748"]
[BlackElo "2426"]
[TimeControl "180+1"]
[EndTime "10:06:50 PST"]
[Termination "Artemiki won by checkmate"]

1. d4 Nf6 2. c4 c5 3. dxc5 e6 4.
Nc3 Bxc5 5. Nf3 Nc6 6. g3 O-O 7. Bg2 a6 8. O-O b5 9. cxb5 axb5 10. Nxb5 d5 11. Bf4 Qb6 12. a4 Ng4 13. e3 e5 14.
h3 exf4 15. hxg4 fxe3 16. fxe3 Bxe3+ 17. Kh1 Bxg4 18. Qd3 Ne5 19. Nxe5 Qh6+ 20. Bh3 Qxh3# 0-1

[Event "Early-Titled-Tuesday-Blitz-February-20-2024"]
[Site "Chess.com"]
[Date "2024.02.20"]
[Round "11"]
[White "joshdaruca"]
[Black "Casper"]
[Result "1-0"]
[WhiteElo "2774"]
[BlackElo "2558"]
[TimeControl "180+1"]
[EndTime "10:06:52 PST"]
[Termination "joshdaruca won by resignation"]

1. b3 d5 2. Bb2 Nc6 3. Nf3 Bg4 4. e3 e5 5. h3 Bxf3 6. Qxf3 Nf6 7. Bb5 Bd6 8. Qg3 Qe7 9. Qxg7 Rg8 10. Qh6 Rxg2 11. Nc3 O-O-O 12. Bf1 Rg6 13. Qh4 d4 14. Ne4 Nb4 15. O-O-O Nxa2+ 16. Kb1 Nb4 17. Nxf6 Rxf6 18. exd4 Nd5 19. Bc4 Nb6 20. dxe5 Bxe5 21. Rhe1 Nxc4 22.
Qxc4 Re6 23. Rxe5 Rxe5 24. Bxe5 Qxe5 25. Qxf7 b6 26. Qxh7 Qe2 27. Qf5+ Kb8 28. Kc1 Qa6 29. Qf6 Qa3+ 30. Kb1 Qb4 31. Qxd8+ Kb7 32. Qd5+ 1-0

[Event "Early-Titled-Tuesday-Blitz-February-20-2024"]
[Site "Chess.com"]
[Date "2024.02.20"]
[Round "11"]
[White "Rodalquilar"]
[Black "mishanick"]
[Result "1-0"]
[WhiteElo "2780"]
[BlackElo "3007"]
[TimeControl "180+1"]
[EndTime "10:06:54 PST"]
[Termination "Rodalquilar won by checkmate"]

1. d4 Nf6 2. Nf3 d5 3. Bf4 e6 4. e3 Bd6 5. Nbd2 O-O 6. c3 c5 7. Bd3 Qc7 8. Bxd6 Qxd6 9. Ne5 Nfd7 10. f4 Nc6 11. Qh5 g6 12. Qh6 Qe7 13. h4 Ncxe5 14. dxe5 f5 15. h5 Qg7 16. hxg6 hxg6 17. Qg5 c4 18. Bc2 Nc5 19. Rh6 Kf7 20. Qh4 Kg8 21. O-O-O Bd7 22. Rh1 Be8 23. Rh8+ Kf7 24. Rh7 Rg8 25. Qf6# 1-0

[Event "Early-Titled-Tuesday-Blitz-February-20-2024"]
[Site "Chess.com"]
[Date "2024.02.20"]
[Round "11"]
[White "TokChess"]
[Black "ValentunHulka"]
[Result "0-1"]
[WhiteElo "2555"]
[BlackElo "2753"]
[TimeControl "180+1"]
[EndTime "10:06:58 PST"]
[Termination "ValentunHulka won by resignation"]

1. c4 e5 2. b3 c5 3. Bb2 Nc6 4. e3 Nf6 5. d3 d6 6. Nf3 Be7 7. a3 O-O 8. Nbd2 Ne8 9. Be2 f5 10. Rb1 b6 11. O-O Bb7 12. Qc2 Kh8 13. Bc3 Bf6 14.
b4 Nc7 15. bxc5 dxc5 16. Rfd1 Qe7 17. Nf1 Rad8 18. Ng3 g6 19. Qb2 Bg7 20. a4 Ba8 21. Ra1 a5 22. Rab1 Nb4 23. d4 f4 24. Nf1 fxe3 25. fxe3 exd4 26. exd4 Kg8 27. Re1 Qf6 28. Rbd1 Ne6 29. Rc1 Nxd4 0-1

[Event "Early-Titled-Tuesday-Blitz-February-20-2024"]
[Site "Chess.com"]
[Date "2024.02.20"]
[Round "11"]
[White "BardArtem"]
[Black "SahibSinghKnight"]
[Result "1-0"]
[WhiteElo "2764"]
[BlackElo "2570"]
[TimeControl "180+1"]
[EndTime "10:07:05 PST"]
[Termination "BardArtem won by resignation"]

1. e4 e6 2. d4 d5 3. Nc3 Nf6 4.
exd5 exd5 5. Bg5 c6 6. Qe2+ Be6 7. f4 h6 8. Bh4 Qe7 9. O-O-O Nbd7 10. Re1 g6 11.
Nf3 Bg7 12. Ne5 Nf8 13. g4 O-O-O 14. Rg1 Qb4 15. f5 Qxd4 16. fxe6 Qxg1 17. Nxf7 g5 18.
e7 Rd7 19. e8=Q+ 1-0

[Event "Early-Titled-Tuesday-Blitz-February-20-2024"]
[Site "Chess.com"]
[Date "2024.02.20"]
[Round "11"]
[White "AmanteDeMoi"]
[Black "N_Mullodzhanov"]
[Result "1-0"]
[WhiteElo "2595"]
[BlackElo "2478"]
[TimeControl "180+1"]
[EndTime "10:07:05 PST"]
[Termination "AmanteDeMoi won by checkmate"]

1. Nf3 d5 2. e4 dxe4 3. Ng5 Nf6 4. Bc4 e6 5. Qe2 Nbd7 6. Nxe4 Nxe4 7. Qxe4 Nf6 8. Qf3 Be7 9. O-O O-O 10. c3 Rb8 11. d4 b5 12. Bd3 Bb7 13. Qh3 Be4 14. Nd2 Bxd3 15. Qxd3 c5 16. Nf3 c4 17. Qe2 a6 18.
Ne5 Qd5 19. Bg5 Rfd8 20. a3 Rb7 21. f4 Ne4 22. Bxe7 Rxe7 23. Rae1 Nd6 24. g4 f6 25. Nf3 Rde8 26. Qg2 f5 27. Re5 Qb7 28. Rfe1 Ne4 29. Ng5 Nxg5 30. Qxb7 Nh3+ 31. Kg2 Nxf4+ 32. Kf3 fxg4+ 33. Kxf4 Rxb7 34. Rxe6 Rxe6 35. Rxe6 h5 36. d5 Rd7 37. d6 Kf7 38. Ke5 h4 39. Kd5 g6 40. Re4 Kf6 41. Rxg4 g5 42. Kc6 Rd8 43. Kc7 Rg8 44. d7 Kf5 45. h3 Rg7 46. Kc8 Rg8+ 47.
d8=Q Rxd8+ 48. Kxd8 Kg6 49. Kc7 a5 50. Kb6 b4 51. axb4 axb4 52. Kc5 bxc3 53. bxc3 Kf5 54. Kxc4 Ke5 55. Kd3 Kd5 56. c4+ Kc5 57. Kc3 Kd6 58.
Rxg5 Ke6 59. Rh5 Kf6 60. Rxh4 Kg5 61. Rg4+ Kf5 62. Kd4 Kf6 63. Rg2 Kf5 64. c5 Kf6 65. c6 Kf5 66. Rg4 Kf6 67. c7 Kf7 68. c8=Q Kf6 69.
Qf8+ Ke6 70. Rg6+ Kd7 71. Rd6+ Kc7 72. h4 Kb7 73. h5 Kc7 74. h6 Kb7 75. h7 Kc7 76. h8=Q Kb7 77. Qhg7# 1-0

[Event "Early-Titled-Tuesday-Blitz-February-20-2024"]
[Site "Chess.com"]
[Date "2024.02.20"]
[Round "11"]
[White "Muracle"]
[Black "BashirliSaadat"]
[Result "1-0"]
[WhiteElo "2469"]
[BlackElo "2347"]
[TimeControl "180+1"]
[EndTime "10:07:08 PST"]
[Termination "Muracle won by checkmate"]

1. d4 d5 2. Nf3 Nf6 3. g3 g6 4. Bg2 Bg7 5. O-O O-O 6. c4 c6 7. b3 b6 8. Bb2 Bb7 9. Nbd2 Nbd7 10. Qc2 Re8 11. Rfe1 Rc8 12. e4 dxe4 13. Nxe4 Nxe4 14. Qxe4 Nf6 15. Qe2 e6 16. Rad1 Qc7 17. Ne5 c5 18. Bxb7 Qxb7 19. Qf3 Qxf3 20. Nxf3 cxd4 21. Nxd4 a6 22.
Kf1 Red8 23. Nc6 Rxd1 24. Rxd1 Rxc6 25. Rd8+ Bf8 26. Bxf6 Rd6 27. Ra8 Rd7 28. g4 h6 29.
h4 Rb7 30. g5 hxg5 31. hxg5 a5 32. f4 Rd7 33. Ke2 Rb7 34. Ke3 Rd7 35. Ke4 Rb7 36. a3 Rc7 37. Kd3 Rd7+ 38. Kc3 Rc7 39. b4 axb4+ 40.
axb4 Rd7 41. c5 bxc5 42. bxc5 Rc7 43. Kd4 Rxc5 44. Rxf8+ Kxf8 45. Kxc5 Ke8 46. Kd6 Kf8 47. Kd7 Kg8 48. Ke7 Kh7 49. Kxf7 e5 50. f5 gxf5 51.
Bg7 f4 52. g6# 1-0

[Event "Early-Titled-Tuesday-Blitz-February-20-2024"]
[Site "Chess.com"]
[Date "2024.02.20"]
[Round "11"]
[White "Zohid6"]
[Black "dropstoneDP"]
[Result "0-1"]
[WhiteElo "2874"]
[BlackElo "3014"]
[TimeControl "180+1"]
[EndTime "10:07:22 PST"]
[Termination "dropstoneDP won by resignation"]

1. e4 e5 2. Nf3 Nf6 3. Nxe5 d6 4. Nd3 Nxe4 5. Qe2 Qe7 6. Nf4 Nc6 7. Nd5 Nd4 8. Nxe7 Nxe2 9. Nd5 Nd4 10. d3 Nxc2+ 11.
Kd1 Nxa1 12. dxe4 Kd8 13. Bg5+ f6 14. Be3 c6 15. Ndc3 f5 16. Nd2 Be7 17. Bd3 fxe4 18. Ndxe4 d5 19. Ng5 Bg4+ 20. f3 Bh5 21. Kd2 Ke8 22.
h4 Bg6 23. Ne6 Bxd3 24. Kxd3 Kf7 25. Nf4 d4 26. Bxd4 Rad8 27. Re1 Rxd4+ 0-1